 Dungeon Crawl Stone Soup version 0.29-a0-885-gb26ba3297d (webtiles) character file.

Game seed: 7481695082511930390

1728 LynnLen the Covert (level 8, -4/48 HPs)
             Began as a Vampire Enchanter on July 21, 2022.
             Was an Initiate of Dithmenos.
             Killed by divine providence
             ... invoked by an orc priest
              (11 damage)
             ... on level 7 of the Dungeon.
             The game lasted 00:21:29 (8331 turns).

LynnLen the Covert (Vampire Enchanter)              Turns: 8331, Time: 00:21:30

Health: -4/48      AC:  7    Str:  7    XL:     8   Next: 76%
Magic:  2/11       EV: 14    Int: 23    God:    Dithmenos [......]
Gold:   411        SH:  5    Dex: 16    Spells: 2/11 levels left

rFire   . . .      SeeInvis +   a - +3 dagger
rCold   + + .      Faith    .   (no shield)
rNeg    + + +      Spirit   .   A - +2 robe of the Everdark {rN+ Int+2}
rPois   ∞          Reflect  +   r - +0 helmet {Int+3}
rElec   .          Harm     .   s - +0 cloak
rCorr   .          Rampage  .   u - +0 pair of gloves
Will    +....                   (no boots)
Stlth   +++++++...              m - amulet of reflection
HPRegen 0.00/turn               j - ring of willpower
MPRegen 0.12/turn               (no ring)

@: about to teleport, very slightly contaminated, bloodless, inhibited regen
A: bloodless, fangs 3, see invisible, vampiric 2
a: Bat Form, Revivify, Renounce Religion


You were on level 7 of the Dungeon.
You worshipped Dithmenos.
Dithmenos was noncommittal.
You visited 2 branches of the dungeon, and saw 8 of its levels.

You collected 411 gold pieces.

Inventory:

Hand Weapons
 a - a +3 dagger (weapon)
Missiles
 c - 19 poisoned darts (quivered)
Armour
 q - a +0 leather armour
 r - a +0 helmet of intelligence (worn)
 s - a +0 cloak (worn)
 u - a +0 pair of gloves (worn)
 A - the +2 robe of the Everdark (worn) {rN+ Int+2}
   (You found it on level 5 of the Dungeon)

   Int:       It affects your intelligence (+2).
   rN:        It protects you from negative energy.
Jewellery
 j - a ring of willpower (left hand)
 m - an amulet of reflection (around neck)
 o - a ring of protection from cold
 w - an amulet of faith
 x - an amulet of magic regeneration
Wands
 b - a wand of iceblast (16)
 B - a wand of flame (10)
 F - a wand of digging (6)
Scrolls
 e - a scroll of immolation {unknown}
 g - a scroll of torment {unknown}
 k - 2 scrolls of magic mapping
 y - 2 scrolls of poison {unknown}
 C - a scroll of noise {unknown}
 E - a scroll of identify
Potions
 d - 2 potions of berserk rage
 h - 2 potions of attraction
 l - a potion of magic {unknown}
 n - 2 potions of haste {unknown}
 p - 3 potions of might {unknown}
 t - a potion of cancellation {unknown}
 z - a potion of lignification {unknown}
 D - a potion of flight {unknown}


   Skills:
 * Level 4.1 Fighting
 * Level 7.7 Short Blades
 + Level 4.7 Dodging
 + Level 10.6 Stealth
 - Level 2.0 Spellcasting
 - Level 4.4 Hexes


You had 2 spell levels left.
You knew the following spells:

 Your Spells              Type           Power      Damage    Failure   Level
a - Confusing Touch       Hex            22%        N/A       6%          3
b - Tukima's Dance        Hex            22%        N/A       6%          3
c - Dazzling Flash        Conj/Hex       24%        N/A       16%         3

Your spell library contained the following spells:

 Spells                   Type           Power      Damage    Failure   Level
 Ensorcelled Hibernation  Hex/Ice        24%        N/A       8%          2
 Sandblast                Erth           4%         2d4       13%         1
 Passwall                 Tmut/Erth      1%         N/A       19%         2
 Stone Arrow              Conj/Erth      4%         3d7       36%         3
 Olgreb's Toxic Radiance  Pois           2%         N/A       77%         4
 Ozocubu's Refrigeration  Ice            1%         4d5       100%        7
 Ignition                 Fire           1%         3d3       100%        8


Dungeon Overview and Level Annotations

Branches:
Dungeon (7/15)             Temple (1/1) D:6

Altars:
Ashenzari
Cheibriados
Dithmenos
Fedhas
Gozag
Hepliaklqana
Kikubaaqudgha
Makhleb
Nemelex Xobeh
Okawaru
Qazlal
Ru
Trog
Vehumet
Xom
Yredelemnul

Annotations:
D:1 2 transporters
D:7 Pikel


Innate Abilities, Weirdness & Mutations

You do not regenerate when monsters are visible.
You are frail without blood (-20% HP).
You can heal yourself when you bite living creatures.
You are immune to poison.
You have razor-sharp teeth.
You have supernaturally acute eyesight. (SInv)
You are afflicted with vampirism and can become a bat while bloodless.


Message History

The orc is severely wounded.
Unknown command.
You barely miss the orc.
The orc is severely wounded.
The orc closely misses you.
The orc priest miscasts a cantrip.
The orc priest invokes the aid of Beogh against you.
Beogh smites you!
* * * LOW HITPOINT WARNING * * *
You feel better. You block the orc's attack.
The orc priest closely misses you. x2
You feel better. The orc misses you. The orc priest barely misses you.
The orc priest hits you but does no damage.
Casting: Dazzling Flash (dangerous; 16% risk of failure)
Confirm with . or Enter, or press ? or * to list all spells.
Casting: Dazzling Flash (dangerous; 16% risk of failure)
Press: ? - help, Dir - look around, f - activate You miscast Dazzling Flash.
You are very lightly contaminated with residual magic.
Nothing appears to happen.
The orc barely misses you. The orc priest barely misses you.
The orc priest mumbles some strange prayers to Beogh against you.
Beogh smites you!
Unknown command.
Unknown command.
As you read the scroll of teleportation, it crumbles to dust.
You feel strangely unstable. The orc hits you but does no damage.
The orc priest hits you with a +0 club.
* * * LOW HITPOINT WARNING * * *
The orc priest barely misses you.
The orc priest attacks as you move away!
You block the orc priest's attack.
The orc priest hits you but does no damage.
The orc attacks as you move away! You block the orc's attack.
The orc priest attacks as you move away!
The orc priest hits you with a +0 club.
* * * LOW HITPOINT WARNING * * *
The orc hits you but does no damage.
The orc priest mumbles some strange prayers to Beogh against you.
Beogh smites you!
You die...

.....................'.....#####.
......#........##....###.....####
...>...................+.........
###...##........#....#.#......##.
.......#........#................
.......#........#....##.......##.
.......#.............##.......##.
.......#########.....##.##....#..
..........# #@o...##.......#..
..........# #.oo..###......#..
..........## ####o...#......###
...........# ...............###
.#####.....####...............##.
.#####.....................##.##.
....###..............[.....##.##.
..............................<..
..............................###


You could see 3 orc priests and an orc.

Vanquished Creatures
  An ice beast (D:6)
  3 sky beasts (D:7)
  An ogre (D:6)
  A phantom (D:5)
  A lemure (D:7)
  A kobold brigand (D:7)
  3 bullfrogs
  3 scorpions
  4 wights (D:7)
  A howler monkey (D:6)
  2 jellies (D:6)
  4 orc priests
  2 orc wizards
  An iguana (D:5)
  6 adders
  4 gnolls (D:3)
  2 shadow imps (D:6)
  A white imp (D:6)
  2 ufetubi (D:6)
  9 worms
  4 dart slugs
  15 orcs
  7 endoplasms
  4 giant cockroaches
  6 goblins
  8 hobgoblins
  3 jackals (D:3)
  14 kobolds
  3 quokkas
  8 ball pythons
  3 bats
  A frilled lizard (D:1)
  4 rats
132 creatures vanquished.

Vanquished Creatures (others)
  4 demonic plants (D:6)
4 creatures vanquished.

Grand Total: 136 creatures vanquished

Notes
Turn   | Place    | Note
-------+----------+-------------------------------------------
     0 | D:1      | LynnLen the Vampire Enchanter began the quest for the Orb.
     0 | D:1      | Reached XP level 1. HP: 13/13 MP: 3/3
   205 | D:1      | Reached XP level 2. HP: 16/16 MP: 5/5
   231 | D:1      | Reached skill level 5 in Stealth
   633 | D:2      | Gained mutation: You are afflicted with vampirism and can
                  | become a bat while bloodless. [Vampire growth]
   633 | D:2      | Reached XP level 3. HP: 20/20 MP: 6/6
   637 | D:2      | Learned a level 3 spell: Confusing Touch
   641 | D:2      | Learned a level 3 spell: Tukima's Dance
   931 | D:2      | Reached skill level 1 in Fighting
  1689 | D:2      | Reached XP level 4. HP: 25/25 MP: 7/7
  1870 | D:3      | Found a faded altar of an unknown god.
  2169 | D:3      | Reached skill level 6 in Stealth
  3180 | D:3      | Reached XP level 5. HP: 9/29 MP: 4/8
  3834 | D:4      | Reached skill level 7 in Stealth
  3834 | D:4      | Reached XP level 6. HP: 35/35 MP: 9/9
  4117 | D:5      | Entered Level 5 of the Dungeon
  4509 | D:5      | Identified the +2 robe of the Everdark {rN+ Int+2}
  4698 | D:5      | Reached skill level 8 in Stealth
  5194 | D:6      | Reached XP level 7. HP: 35/40 MP: 10/10
  5200 | D:6      | Reached skill level 5 in Short Blades
  5205 | D:6      | Learned a level 3 spell: Dazzling Flash
  5691 | D:6      | Reached skill level 9 in Stealth
  6062 | D:6      | Found a staircase to the Ecumenical Temple.
  6477 | D:6      | Reached XP level 8. HP: 34/46 MP: 11/11
  6560 | D:6      | Found a sparkling altar of Nemelex Xobeh.
  6745 | Temple   | Entered the Ecumenical Temple
  6837 | Temple   | Became a worshipper of Dithmenos the Shadowed
  7252 | D:7      | Reached skill level 10 in Stealth
  7529 | D:7      | Noticed Pikel
  8331 | D:7      | Killed from afar by an orc priest

Illustrated notes

Levels and vault maps discovered:
D:1:      spicycebolla_arrival_transporter_tutorial, layout_rooms
D:2:      layout_basic, minmay_misc_feat_rows, minmay_divided_ellipse
D:3:      layout_loops_cross, shapermc_ecumenical_altar_venn, hex_tiny
D:4:      layout_gridville, reono_crystal_passage, minmay_pentangle
D:5:      layout_basic, zin_statuary
D:6:      layout_loops_ring, nemelex_spade_bored_becter,
          lemuel_temple_firewalk_a, serial_demonic, serial_demonic_d,
          serial_demonic_g, serial_demonic_a, serial_demonic_e,
          dk_noncrumbling_2, st_stairs_1, minmay_crossroads
D:7:      layout_basic, uniq_pikel
Temple:   minmay_temple_bridge_d

Skill      XL: |  1  2  3  4  5  6  7  8 |
---------------+-------------------------+-----
Stealth        | 5 6 7 8 9 10 | 10.6
Fighting       | 1 2 3 4 |  4.1
Short Blades   | 2 3 4 6 7 |  7.7
Dodging        | 3 4 |  4.7
Spellcasting   | |  2.0
Hexes          | |  4.4

Action                   |  1- 3 |  4- 6 |  7- 9 || total
-------------------------+-------+-------+-------++-------
Melee: Dagger            |   109 |   158 |   282 ||   549
       Bite              |    23 |    16 |    41 ||    80
       Punch             |       |     1 |     5 ||     6
Throw: Dart              |       |     3 |       ||     3
 Cast: Confusing Touch   |       |     2 |     9 ||    11
       Tukima's Dance    |       |       |     3 ||     3
       Dazzling Flash    |       |       |     1 ||     1
 Abil: Exsanguinate      |     1 |       |       ||     1
Evoke: Wand              |       |       |     2 ||     2
  Use: Scroll            |     3 |    10 |     4 ||    17
       Potion            |     1 |     2 |     7 ||    10
 Stab: Sleeping          |    21 |    23 |     9 ||    53
       Invisible         |       |     3 |     1 ||     4
       Confused          |       |     2 |     7 ||     9
Armor: Robe              |     4 |     3 |    65 ||    72
       Leather armour    |     4 |    12 |       ||    16
Dodge: Dodged            |    53 |    74 |   117 ||   244
Block: Other             |       |    29 |    43 ||    72
       Reflection        |       |     2 |       ||     2

Table legend: (Time is in decaauts)
 A = Elapsed time spent in this place.
 B = Non-inter-level travel time spent in this place.
 C = Inter-level travel time spent in this place.
 D = Time resting spent in this place.
 E = Time spent auto-exploring this place.
 F = Levels seen in this place.
 G = Mean time per level.
                   A        B        C        D        E       F      G
               +--------+--------+--------+--------+--------+-----+--------+
         Total |   8204 |   8117 |     87 |    920 |   4576 |   8 | 1025.5 |
       Dungeon |   8042 |   8042 |      0 |    920 |   4513 |   7 | 1148.9 |
        Temple |    161 |     74 |     87 |      0 |     63 |   1 |  161.0 |
               +--------+--------+--------+--------+--------+-----+--------+

Top non-repeatable levels by time:
     D:6: 1721 daAuts
     D:3: 1631 daAuts
     D:2: 1249 daAuts
     D:7: 1173 daAuts
     D:5: 918 daAuts
     D:4: 786 daAuts
     D:1: 562 daAuts
  Temple: 161 daAuts
